UAA
IRVING BLUE SOX @ MERCER ISLAND SCREAMING EAGLES
06/30/2017
 
TOP OF THE 1ST
Mercer Island Screaming Eagles batting - Pitching for Ft. Polk South Thunder Hawks : RHP Larry Neal
Pitching: RHP Larry Neal
Batting: RHB Cris López 0-0: Called Strike
0-1: Called Strike
0-2: Ball
1-2: Foul Ball, location: 2F
1-2: Ball
2-2: Foul Ball, location: 2F
2-2: Foul Ball, location: 2F
2-2: Strikes out looking
Batting: RHB Ron Gérard 0-0: Ball
1-0: Ball
2-0: Called Strike
2-1: Fly out, F7 (Flyball, 7LM)
Batting: RHB Nam-sup Yi 0-0: SINGLE (Line Drive, 6D)
Batting: LHB Héctor Cortéz 0-0: Called Strike
0-1: Ball
1-1: Foul Ball, location: 2F
1-2: Ball
2-2: Ball
3-2: Foul Ball, location: 2F
3-2: Foul Ball, location: 2F
3-2: Fly out, F6 (Line Drive, 6)
Top of the 1st over - 0 run(s), 1 hit(s), 0 error(s), 1 left on base; Mercer Island 0 - Ft. Polk South 0
BOTTOM OF THE 1ST
Ft. Polk South Thunder Hawks batting - Pitching for Mercer Island Screaming Eagles : RHP John Buck
Pitching: RHP John Buck
Batting: RHB Chi-ju Zhang 0-0: Ball
1-0: Swinging Strike
1-1: Ball
2-1: Foul Ball, location: 2F
2-2: Foul Ball, location: 2F
2-2: Strikes out looking
Batting: RHB Steven Grant 0-0: Ball
1-0: Ball
2-0: Fly out, F8 (Flyball, 8RM)
Batting: RHB Michael Collins 0-0: SINGLE (Groundball, 34D)
Batting: RHB Fernando Camacho 0-0: SINGLE (Flyball, 34D)
Michael Collins to second
Runner from 2nd tries for 3rd, SAFE, throw made to third
Batting: RHB Javier Díaz 0-0: Called Strike
0-1: Swinging Strike
0-2: Foul Ball, location: 2F
0-2: Foul Ball, location: 2F
0-2: Foul Ball, location: 2F
0-2: Strikes out looking
Bottom of the 1st over - 0 run(s), 2 hit(s), 0 error(s), 2 left on base; Mercer Island 0 - Ft. Polk South 0
TOP OF THE 2ND
Mercer Island Screaming Eagles batting - Pitching for Ft. Polk South Thunder Hawks : RHP Larry Neal
Batting: RHB Luis Antonio Hernández 0-0: Called Strike
0-1: Ball
1-1: Ball
2-1: Ground out 6-3 (Groundball, 6)
Batting: RHB Rick Moore 0-0: Ball
1-0: Called Strike
1-1: Ball
2-1: Foul Ball, location: 2F
2-2: Ball
3-2: Strikes out swinging
Batting: RHB Trent Stevens 0-0: Ball
1-0: Foul Ball, location: 2F
1-1: Bunt for hit - play at first, batter OUT! 1-3
Top of the 2nd over - 0 run(s), 0 hit(s), 0 error(s), 0 left on base; Mercer Island 0 - Ft. Polk South 0
BOTTOM OF THE 2ND
Ft. Polk South Thunder Hawks batting - Pitching for Mercer Island Screaming Eagles : RHP John Buck
Batting: RHB Dave O'Day 0-0: Called Strike
0-1: Ball
1-1: Foul Ball, location: 2F
1-2: Strikes out looking
Batting: RHB Jared Smith 0-0: Ground out 5-3 (Groundball, 5S)
Batting: RHB Mal Green 0-0: Called Strike
0-1: Fly out, F8 (Flyball, 8RM)
Bottom of the 2nd over - 0 run(s), 0 hit(s), 0 error(s), 0 left on base; Mercer Island 0 - Ft. Polk South 0
TOP OF THE 3RD
Mercer Island Screaming Eagles batting - Pitching for Ft. Polk South Thunder Hawks : RHP Larry Neal
Batting: RHB Paul Houston 0-0: Ball
1-0: Called Strike
1-1: Foul Ball, location: 2F
1-2: Strikes out swinging
Batting: RHB Anthony Johnston 0-0: Called Strike
0-1: Swinging Strike
0-2: Strikes out swinging
Batting: RHB Cris López 0-0: Swinging Strike
0-1: Ball
1-1: Ball
2-1: Ball
3-1: Base on Balls
Batting: RHB Ron Gérard 0-0: Ball
1-0: Ball
2-0: Foul Ball, location: 2F
2-1: TRIPLE (Line Drive, 78M)
Cris López scores
Batting: RHB Nam-sup Yi 0-0: Swinging Strike
0-1: Ball
1-1: Ball
2-1: Foul Ball, location: 2F
2-2: Ball
3-2: Base on Balls
Batting: LHB Héctor Cortéz 0-0: SINGLE (Groundball, 4M)
Ron Gérard scores
Nam-sup Yi to second
Batting: RHB Luis Antonio Hernández 0-0: Ball
1-0: Foul Ball, location: 2F
1-1: Fielders Choice at 2nd, U6 (Groundball, 6M)
Top of the 3rd over - 2 run(s), 2 hit(s), 0 error(s), 2 left on base; Mercer Island 2 - Ft. Polk South 0
BOTTOM OF THE 3RD
Ft. Polk South Thunder Hawks batting - Pitching for Mercer Island Screaming Eagles : RHP John Buck
Batting: RHB Dave Farr 0-0: Ball
1-0: Ball
2-0: Ball
3-0: Called Strike
3-1: Foul Ball, location: 2F
3-2: Foul Ball, location: 2F
3-2: Foul Ball, location: 2F
3-2: Fly out, F8 (Flyball, 8LM)
Batting: RHB Chi-ju Zhang 0-0: Ball
1-0: Ball
2-0: Ball
3-0: Base on Balls
Batting: RHB Steven Grant 0-0: Ball
Chi-ju Zhang steals 2nd base
1-0: Fly out, F9 (Flyball, 9M)
Batting: RHB Michael Collins 0-0: Foul Ball, location: 2F
0-1: Fly out, F4 (Popup, 34D)
Bottom of the 3rd over - 0 run(s), 0 hit(s), 0 error(s), 1 left on base; Mercer Island 2 - Ft. Polk South 0
TOP OF THE 4TH
Mercer Island Screaming Eagles batting - Pitching for Ft. Polk South Thunder Hawks : RHP Larry Neal
Batting: RHB Rick Moore 0-0: Ball
1-0: Ball
2-0: Ball
3-0: Base on Balls
Batting: RHB Trent Stevens 0-0: DOUBLE (Line Drive, 89M)
Rick Moore to third
Batting: RHB Paul Houston 0-0: Ball
1-0: Foul Ball, location: 2F
1-1: Foul Ball, location: 2F
1-2: Ball
2-2: Ground out 6-3 (Groundball, 6M)
Rick Moore scores
Trent Stevens to third
Batting: RHB Anthony Johnston 0-0: Called Strike
0-1: Ball
1-1: Foul Ball, location: 2F
1-2: Foul Ball, location: 2F
1-2: DOUBLE (Flyball, 78M)
Trent Stevens scores
Batting: RHB Cris López 0-0: Ball
1-0: Ball
2-0: Foul Ball, location: 2F
2-1: Ball
3-1: Fly out, F7 (Line Drive, 7M)
Batting: RHB Ron Gérard 0-0: Ball
1-0: Ball
2-0: Ball
3-0: Base on Balls
Batting: RHB Nam-sup Yi 0-0: Called Strike
0-1: Ball
1-1: Ball
2-1: Foul Ball, location: 2F
2-2: Foul Ball, location: 2F
2-2: Ground out 5-3 (Groundball, 56)
Top of the 4th over - 2 run(s), 2 hit(s), 0 error(s), 2 left on base; Mercer Island 4 - Ft. Polk South 0
BOTTOM OF THE 4TH
Ft. Polk South Thunder Hawks batting - Pitching for Mercer Island Screaming Eagles : RHP John Buck
Batting: RHB Fernando Camacho 0-0: Ball
1-0: Foul Ball, location: 2F
1-1: Ball
2-1: Called Strike
2-2: Ball
3-2: Base on Balls
Batting: RHB Javier Díaz 0-0: Ball
1-0: Called Strike
1-1: Swinging Strike
1-2: Strikes out swinging
Batting: RHB Dave O'Day 0-0: Ball
1-0: Ball
2-0: Called Strike
2-1: Ball
3-1: Base on Balls
Fernando Camacho to second
Batting: RHB Jared Smith 0-0: Fly out, F8 (Line Drive, 8RS)
Batting: RHB Mal Green 0-0: Called Strike
0-1: Ball
1-1: Fly out, F8 (Flyball, 8LM)
Bottom of the 4th over - 0 run(s), 0 hit(s), 0 error(s), 2 left on base; Mercer Island 4 - Ft. Polk South 0
TOP OF THE 5TH
Mercer Island Screaming Eagles batting - Pitching for Ft. Polk South Thunder Hawks : RHP Larry Neal
Batting: LHB Héctor Cortéz 0-0: Foul Ball, location: 2F
0-1: Ball
1-1: Called Strike
1-2: Foul Ball, location: 2F
1-2: Strikes out swinging
Batting: RHB Luis Antonio Hernández 0-0: Called Strike
0-1: Ball
1-1: Ball
2-1: Ball
3-1: Ground out 4-3 (Groundball, 4)
Batting: RHB Rick Moore 0-0: Swinging Strike
0-1: SOLO HOME RUN (Flyball, 89XD), Distance : 365 ft
Batting: RHB Trent Stevens 0-0: Called Strike
0-1: Called Strike
0-2: Ball
1-2: Foul Ball, location: 2F
1-2: Ball
2-2: Fly out, F7 (Flyball, 7M)
Top of the 5th over - 1 run(s), 1 hit(s), 0 error(s), 0 left on base; Mercer Island 5 - Ft. Polk South 0
BOTTOM OF THE 5TH
Ft. Polk South Thunder Hawks batting - Pitching for Mercer Island Screaming Eagles : RHP John Buck
Batting: RHB Dave Farr 0-0: Ball
1-0: Ball
2-0: SINGLE (Groundball, 6M)
Batting: RHB Chi-ju Zhang 0-0: Ball
1-0: SINGLE (Line Drive, 4MD)
Dave Farr to second
Batting: RHB Steven Grant 0-0: Ball
1-0: Foul Ball, location: 2F
1-1: Swinging Strike
1-2: Ball
2-2: Ball
3-2: Foul Ball, location: 2F
3-2: Grounds into double play, 6-4-3 (Groundball, 6)
Dave Farr to third
Batting: RHB Michael Collins 0-0: DOUBLE (Line Drive, 9LS)
Dave Farr scores
Batting: RHB Fernando Camacho 0-0: Swinging Strike
0-1: Ball
1-1: SINGLE (Flyball, 9S)
Michael Collins to third
Runner from 3rd tries for Home, SAFE, no throw or cutoff
Batting: RHB Javier Díaz 0-0: Ball
1-0: Swinging Strike
1-1: Foul Ball, location: 2F
1-2: Foul Ball, location: 2F
1-2: Strikes out swinging
Bottom of the 5th over - 2 run(s), 4 hit(s), 0 error(s), 1 left on base; Mercer Island 5 - Ft. Polk South 2
TOP OF THE 6TH
Mercer Island Screaming Eagles batting - Pitching for Ft. Polk South Thunder Hawks : RHP Larry Neal
Batting: RHB Paul Houston 0-0: Called Strike
0-1: Foul Ball, location: 2F
0-2: Foul Ball, location: 2F
0-2: Ground out 6-3 (Groundball, 6D)
Batting: RHB Anthony Johnston 0-0: Ball
1-0: Ground out 5-3 (Groundball, 56S)
Batting: RHB Cris López 0-0: Ball
1-0: Called Strike
1-1: Swinging Strike
1-2: SOLO HOME RUN (Flyball, 78XD), Distance : 386 ft
Batting: RHB Ron Gérard 0-0: Swinging Strike
0-1: Foul Ball, location: 2F
0-2: Ball
1-2: Strikes out swinging
Top of the 6th over - 1 run(s), 1 hit(s), 0 error(s), 0 left on base; Mercer Island 6 - Ft. Polk South 2
BOTTOM OF THE 6TH
Ft. Polk South Thunder Hawks batting - Pitching for Mercer Island Screaming Eagles : RHP John Buck
Batting: RHB Dave O'Day 0-0: Ball
1-0: Fly out, F8 (Line Drive, 8LM)
Batting: RHB Jared Smith 0-0: Ball
1-0: Ball
2-0: Ground out 6-3 (Groundball, 6M)
Batting: RHB Mal Green 0-0: Swinging Strike
0-1: Called Strike
0-2: Ball
1-2: Fly out, F8 (Flyball, 8LXD)
Bottom of the 6th over - 0 run(s), 0 hit(s), 0 error(s), 0 left on base; Mercer Island 6 - Ft. Polk South 2
TOP OF THE 7TH
Mercer Island Screaming Eagles batting - Pitching for Ft. Polk South Thunder Hawks : RHP Larry Neal
Batting: RHB Nam-sup Yi 0-0: Ball
1-0: Ball
2-0: SINGLE (Line Drive, 89M)
Pitching: RHP Roberto Bernard
Batting: LHB Héctor Cortéz 0-0: Ball
1-0: Called Strike
1-1: 2-RUN HOME RUN (Flyball, 89XD), Distance : 385 ft
Batting: RHB Luis Antonio Hernández 0-0: Foul Ball, location: 2F
0-1: Ball
1-1: Foul Ball, location: 2F
1-2: DOUBLE (Groundball, 5L)
Batting: RHB Rick Moore 0-0: Ball
1-0: Fly out, F4 (Popup, 4MD)
Batting: RHB Trent Stevens 0-0: Called Strike
0-1: Foul Ball, location: 2F
0-2: Ball
1-2: Ball
2-2: Ball
3-2: Fly out, F9 (Flyball, 9M)
Batting: RHB Paul Houston 0-0: Ball
1-0: Called Strike
1-1: Ball
Wild Pitch!
Luis Antonio Hernández to third
2-1: Swinging Strike
2-2: Foul Ball, location: 2F
2-2: Strikes out swinging
Top of the 7th over - 2 run(s), 3 hit(s), 0 error(s), 1 left on base; Mercer Island 8 - Ft. Polk South 2
BOTTOM OF THE 7TH
Ft. Polk South Thunder Hawks batting - Pitching for Mercer Island Screaming Eagles : RHP John Buck
Now at 1B: Luis Jiménez
Batting: RHB Dave Farr 0-0: Called Strike
0-1: Ball
1-1: Ball
2-1: Swinging Strike
2-2: Foul Ball, location: 2F
2-2: Foul Ball, location: 2F
2-2: Strikes out swinging
Batting: RHB Chi-ju Zhang 0-0: Ball
1-0: Fly out, F9 (Line Drive, 9S)
Batting: RHB Steven Grant 0-0: Ball
1-0: SINGLE (Line Drive, 4D)
Batting: RHB Michael Collins 0-0: Ball
1-0: Called Strike
1-1: Ground out 1-3 (Groundball, 25)
Bottom of the 7th over - 0 run(s), 1 hit(s), 0 error(s), 1 left on base; Mercer Island 8 - Ft. Polk South 2
TOP OF THE 8TH
Mercer Island Screaming Eagles batting - Pitching for Ft. Polk South Thunder Hawks : RHP Roberto Bernard
Batting: RHB Anthony Johnston 0-0: Ball
1-0: Called Strike
1-1: Ball
2-1: Ground out 5-3 (Groundball, 56)
Batting: RHB Luis Jiménez 0-0: Foul Ball, location: 2F
0-1: Ground out 6-3 (Groundball, 6D)
Batting: RHB Ron Gérard 0-0: Called Strike
0-1: Ball
1-1: Foul Ball, location: 2F
1-2: Strikes out swinging
Top of the 8th over - 0 run(s), 0 hit(s), 0 error(s), 0 left on base; Mercer Island 8 - Ft. Polk South 2
BOTTOM OF THE 8TH
Ft. Polk South Thunder Hawks batting - Pitching for Mercer Island Screaming Eagles : RHP John Buck
Batting: RHB Fernando Camacho 0-0: Foul Ball, location: 2F
0-1: Ball
1-1: Ball
2-1: Ground out 5-3 (Groundball, 5D)
Pitching: RHP León Vásquez
Batting: RHB Javier Díaz 0-0: Ball
1-0: Foul Ball, location: 2F
1-1: Foul Ball, location: 2F
1-2: Foul Ball, location: 2F
1-2: Ground out U3 (Groundball, 3S)
Batting: RHB Dave O'Day 0-0: Called Strike
0-1: Called Strike
0-2: Ball
1-2: Ground out 5-3 (Groundball, 5S)
Bottom of the 8th over - 0 run(s), 0 hit(s), 0 error(s), 0 left on base; Mercer Island 8 - Ft. Polk South 2
TOP OF THE 9TH
Mercer Island Screaming Eagles batting - Pitching for Ft. Polk South Thunder Hawks : RHP Roberto Bernard
Batting: RHB Nam-sup Yi 0-0: Ball
1-0: Ball
2-0: Called Strike
2-1: Fly out, F4 (Popup, 4D)
Batting: LHB Héctor Cortéz 0-0: Swinging Strike
0-1: Ground out U3 (Groundball, 3S)
Batting: RHB Luis Antonio Hernández 0-0: Foul Ball, location: 2F
0-1: Ground out 6-3 (Groundball, 6M)
Top of the 9th over - 0 run(s), 0 hit(s), 0 error(s), 0 left on base; Mercer Island 8 - Ft. Polk South 2
BOTTOM OF THE 9TH
Ft. Polk South Thunder Hawks batting - Pitching for Mercer Island Screaming Eagles : RHP León Vásquez
Batting: RHB Jared Smith 0-0: Ball
1-0: Ball
2-0: Ground out 5-3 (Groundball, 5)
Batting: RHB Mal Green 0-0: SINGLE (Groundball, 6D)
Batting: RHB Dave Farr 0-0: Called Strike
0-1: Swinging Strike
0-2: Ball
1-2: Foul Ball, location: 2F
1-2: Ball
2-2: Ball
3-2: Fly out, F9 (Line Drive, 89M)
Batting: RHB Chi-ju Zhang 0-0: Ball
1-0: Fly out, F9 (Flyball, 9M)
Bottom of the 9th over - 0 run(s), 1 hit(s), 0 error(s), 1 left on base; Mercer Island 8 - Ft. Polk South 2
This league is powered by Out of the Park Baseball, the baseball management simulation game for PC, Mac and Linux
Saturday, February 27th, 2021 - OOTP Baseball 15.6 Build 34